 Dungeon Crawl Stone Soup version 0.31-a0-532-g28f74ba3e5 (webtiles) character file.

Game seed: 962292092995866752

13546 Buttons842 the Mimic (level 11, -12/48 HPs)
             Began as a Felid Shapeshifter on Aug 12, 2023.
             Was a High Priest of Wu Jian.
             Mangled by a boulder beetle (36 damage)
             ... on level 12 of the Dungeon on Aug 13, 2023.
             The game lasted 02:21:13 (17425 turns).

Buttons842 the Mimic (Felid Shapeshifter)          Turns: 17425, Time: 02:21:15

Health: -12/48     AC:  6    Str: 11    XL:     11   Next: 77%
Magic:  0/19       EV: 27    Int: 16    God:    Wu Jian [*****.]
Gold:   576        SH:  0    Dex: 21    Spells: 9/20 levels left
                                        Lives:  0   Deaths: 3

rFire   . .          .
                       - Unarmed
rCold   . . .        (shield unavailable)
rNeg    . . .        (body armour unavailable)
rPois   +            (helmet unavailable)
rElec   .            (cloak unavailable)
rCorr   .            (gloves unavailable)
SInv    +            (boots unavailable)
Will    +....        s - amulet "Rabyrch" {Spirit Int+6}
Stlth   ++           r - ring of poison resistance
HPRegen 0.28/turn    G - +4 ring of protection
MPRegen 0.16/turn

%: guardian spirit
@: maw-form, very slow
A: devouring maw, very small, claws 1, fangs 3, see invisible, speed 1, shaggy
fur 2, stealthy paws, no weapons or thrown items, no armour, multi-lived
a: Begin Untransformation, Renounce Religion, Wall Jump, Serpent's Lash,
Heavenly Storm


You were on level 12 of the Dungeon.
You worshipped Wu Jian.
Wu Jian was extremely pleased with you.
You were a creature with a mouth for a stomach.
You visited 3 branches of the dungeon, and saw 14 of its levels.

You collected 576 gold pieces.

Inventory:

Jewellery
 l - an amulet of faith
 r - a ring of poison resistance (left paw)
 s - the amulet "Rabyrch" (around neck) {Spirit Int+6}
   (You found it on level 10 of the Dungeon)

   [amulet of guardian spirit]

   Spirit:    It causes incoming damage to be divided between your reserves of
   health and magic.
   Int+6:     It affects your intelligence (+6).
 D - an amulet of magic regeneration
 G - a +4 ring of protection (right paw)
Talismans
 b - a beast talisman
 c - a flux talisman
 m - a blade talisman
 B - a maw talisman (active)
Wands
 a - a wand of quicksilver (6)
 h - a wand of paralysis (8)
 i - a wand of polymorph (14)
 v - a wand of digging (9)
 x - a wand of mindburst (1)
 A - a wand of iceblast (3)
Scrolls
 e - 2 scrolls of teleportation
 f - a scroll of immolation {unknown}
 n - a scroll of noise
 p - 2 scrolls of fear
 t - 2 scrolls of poison
 u - a scroll of silence
 w - a scroll of acquirement {unknown}
 y - a scroll of summoning {unknown}
 C - a scroll of revelation {unknown}
 E - a scroll of amnesia {unknown}
 F - a scroll of identify
 I - a scroll of enchant armour {unknown}
Potions
 d - 4 potions of magic
 g - 5 potions of curing
 j - 2 potions of ambrosia
 k - 2 potions of haste
 o - a potion of cancellation
 q - 2 potions of mutation {unknown}
 z - 2 potions of heal wounds {unknown}
 H - a potion of enlightenment {unknown}


   Skills:
 - Level 6.0 Fighting
 + Level 11.5 Dodging
 - Level 4.0 Stealth
 - Level 8.0 Unarmed Combat
 - Level 5.0 Spellcasting
 - Level 3.0 Conjurations
 - Level 8.0 Translocations
 - Level 3.0 Air Magic
 - Level 3.5 Poison Magic
 - Level 13.0 Shapeshifting


You had 9 spell levels left.
You knew the following spells:

 Your Spells              Type           Power      Damage    Failure   Level
a - Poisonous Vapours     Pois/Air       28%        N/A       6%          2
b - Magic Dart            Conj           52%        1d5       4%          1
c - Lesser Beckoning      Tloc           58%        N/A       1%          2
d - Gell's Gravitas       Tloc           29%        N/A       1%          3
e - Teleport Other        Tloc           29%        N/A       1%          3

Your spell library contained the following spells:

 Spells                   Type           Power      Damage    Failure   Level
 Searing Ray              Conj           26%        2d5       7%          2
 Mephitic Cloud           Conj/Pois/Air  14%        N/A       12%         3
 Freeze                   Ice            16%        1d4       16%         1
 Hailstorm                Conj/Ice       8%         3d4       24%         3
 Frozen Ramparts          Ice            8%         1d2       41%         3
 Inner Flame              Hex/Fire       4%         N/A       41%         3
 Fulminant Prism          Conj/Hex       4%         3d5       63%         4
 Freezing Cloud           Conj/Ice/Air   5%         6-21      88%         5
 Yara's Violent Unravell  Hex/Tmut       2%         3d3       99%         5
 Enfeeble                 Hex            2%         N/A       100%        7


Dungeon Overview and Level Annotations

Branches:
Dungeon (12/15)            Temple (1/1) D:7            Lair (1/5) D:10
    Orc (0/2) D:12

Altars:
Ashenzari
Cheibriados
Dithmenos
Elyvilon
Fedhas
Gozag
Hepliaklqana
Kikubaaqudgha
Makhleb
Nemelex Xobeh
Okawaru
Qazlal
Ru
Sif Muna
Trog
Uskayaw
Vehumet
Wu Jian
Xom
Yredelemnul
Zin
The Shining One

Shops:
D:2 [   D:12 (

Annotations:
D:7 Jeremiah
D:9 exclusions: 2 doors and 4 killer bees


Innate Abilities, Weirdness & Mutations

You are a creature with a mouth for a stomach.
Your midsection houses a second, enormous mouth.
You have sharp claws.
You have razor-sharp teeth.
You have supernaturally acute eyesight. (SInv)
You cover ground quickly. (Speed+)
You are covered in thick fur. (AC +2)
Your paws help you pounce on unaware monsters.
You are incapable of wielding weapons or throwing items.
You cannot wear armour.
You gain extra lives every three experience levels.


Message History

The two-headed ogre zombie barely misses you.
The two-headed ogre zombie hits you.
You claw the shadow! You claw the shadow. Your bite misses the shadow.
The shadow is severely damaged.
The shadow closely misses you. The ogre zombie misses you.
You claw the shadow!
You destroy the shadow!
The Council accepts your kill.
The two-headed ogre zombie hits you but does no damage.
The two-headed ogre zombie completely misses you.
You spin and attack the ogre zombie.
You claw the ogre zombie!
You destroy the ogre zombie!
The Council accepts your kill.
You spin and attack the two-headed ogre zombie.
You scratch the two-headed ogre zombie.
The two-headed ogre zombie is almost destroyed.
You claw the two-headed ogre zombie!
You destroy the two-headed ogre zombie!
The Council accepts your kill.
You barely miss the orc zombie. You bite the orc zombie.
The orc zombie is lightly damaged.
You claw the orc zombie!
You destroy the orc zombie!
The Council accepts your kill.
An orc skeleton, a hobgoblin skeleton, 2 goblin zombies and 3 orc zombies come into view.
There are monsters nearby!
There are monsters nearby!
You lunge at the goblin zombie.
You scratch the goblin zombie.
The goblin zombie is severely damaged.
The goblin zombie hits you but does no damage.
You scratch the goblin zombie.
You destroy the goblin zombie!
The Council accepts your kill.
You lunge at the orc skeleton.
You claw the orc skeleton!
You destroy the orc skeleton!
The Council accepts your kill.
No target in view!
An orc zombie, a goblin zombie and 2 two-headed ogre zombies come into view.
You lunge at the orc zombie.
You barely miss the orc zombie. You bite the orc zombie!
The orc zombie is almost destroyed.
You claw the orc zombie!
You destroy the orc zombie!
The Council accepts your kill.
You scratch the goblin zombie. Your bite misses the goblin zombie.
The goblin zombie is heavily damaged.
The goblin zombie barely misses you.
You closely miss the goblin zombie. Your bite misses the goblin zombie.
The goblin zombie is heavily damaged.
You scratch the goblin zombie. Your bite misses the goblin zombie.
The goblin zombie is almost destroyed.
The goblin zombie misses you.
You claw the goblin zombie!
You destroy the goblin zombie!
The Council accepts your kill.
You scratch the orc zombie. You bite the orc zombie.
You destroy the orc zombie!
The Council accepts your kill.
You scratch the two-headed ogre zombie. You bite the two-headed ogre zombie!
The two-headed ogre zombie is lightly damaged.
The two-headed ogre zombie barely misses you.
The two-headed ogre zombie hits you.
You claw the two-headed ogre zombie! You bite the two-headed ogre zombie!!
The two-headed ogre zombie is heavily damaged.
You claw the two-headed ogre zombie!
The two-headed ogre zombie is heavily damaged.
The two-headed ogre zombie hits you!
The two-headed ogre zombie closely misses you.
You scratch the two-headed ogre zombie but do no damage.
You bite the two-headed ogre zombie.
The two-headed ogre zombie is heavily damaged.
You claw the two-headed ogre zombie!
The two-headed ogre zombie is severely damaged.
The orc zombie misses you. The goblin zombie misses you.
You claw the two-headed ogre zombie! You claw the two-headed ogre zombie.
You bite the two-headed ogre zombie. You bite the two-headed ogre zombie!
You destroy the two-headed ogre zombie!
The Council accepts your kill.
You claw the goblin zombie!
You destroy the goblin zombie!
The Council accepts your kill. The orc zombie closely misses you.
You scratch the orc zombie. You bite the orc zombie.
You destroy the orc zombie!
The Council accepts your kill.
No target in view!
You start resting.
Magic restored.
You start resting.
HP restored.
A hobgoblin skeleton is nearby!
A hobgoblin skeleton is nearby!
The two-headed ogre zombie closely misses you. x2
You claw the two-headed ogre zombie! You bite the two-headed ogre zombie!
The two-headed ogre zombie is moderately damaged.
You claw the two-headed ogre zombie! You bite the two-headed ogre zombie.
The two-headed ogre zombie is heavily damaged.
You claw the two-headed ogre zombie!
The two-headed ogre zombie is severely damaged.
The two-headed ogre zombie hits you. x2; The orc zombie completely misses you.
You scratch the two-headed ogre zombie. You bite the two-headed ogre zombie. x2
The two-headed ogre zombie is severely damaged.
You claw the two-headed ogre zombie! You bite the two-headed ogre zombie!
The two-headed ogre zombie is almost destroyed.
The hobgoblin skeleton closely misses you.
The two-headed ogre zombie misses you.
The two-headed ogre zombie completely misses you.
The orc zombie misses you.
You scratch the two-headed ogre zombie but do no damage.
The two-headed ogre zombie is almost destroyed.
The hobgoblin skeleton closely misses you.
The orc zombie completely misses you.
You claw the two-headed ogre zombie!
You destroy the two-headed ogre zombie!
The Council accepts your kill.
You barely miss the orc zombie.
The hobgoblin skeleton completely misses you.
The orc zombie misses you.
You claw the orc zombie!
You destroy the orc zombie!
The Council accepts your kill.
The hobgoblin skeleton hits you but does no damage.
You scratch the hobgoblin skeleton. You bite the hobgoblin skeleton.
The hobgoblin skeleton is almost destroyed.
The hobgoblin skeleton closely misses you.
You claw the hobgoblin skeleton!
You destroy the hobgoblin skeleton!
The Council accepts your kill.
No target in view!
A vampire comes into view.
An electric eel comes into view.
The vampire moves out of view.
An electric eel is nearby!
Casting: Magic Dart (safe; 4% risk of failure)
Confirm with . or Enter, or press ? or * to list all spells.
Aiming: Poisonous Vapours (safe; 6% risk of failure)
Press: ? - help, Dir - move target, f - electric eel
Aim: an electric eel (water, wandering, hasn't noticed you) Poisonous vapours surround the electric eel!
The electric eel is poisoned.
The electric eel shoots out a bolt of lightning at you!
The bolt of electricity hits the plant!
The plant begins to die.
The bolt of electricity misses you.
Casting: Poisonous Vapours (safe; 6% risk of failure)
Confirm with . or Enter, or press ? or * to list all spells.
Aiming: Poisonous Vapours (safe; 6% risk of failure)
Press: ? - help, Dir - move target, f/p - electric eel
Aim: an electric eel (water, lightly wounded, poisoned) Poisonous vapours surround the electric eel!
The electric eel looks even sicker.
The electric eel shoots out a bolt of lightning at you!
The bolt of electricity hits the plant!
The bolt of electricity hits you!
Casting: Poisonous Vapours (safe; 6% risk of failure)
Confirm with . or Enter, or press ? or * to list all spells.
Aiming: Poisonous Vapours (safe; 6% risk of failure)
Press: ? - help, Dir - move target, f/p - electric eel
Aim: an electric eel (water, lightly wounded, very poisoned)
You miscast Poisonous Vapours.
You are very lightly contaminated with residual magic.
Nothing appears to happen.
Casting: Poisonous Vapours (safe; 6% risk of failure)
Confirm with . or Enter, or press ? or * to list all spells.
Aiming: Poisonous Vapours (safe; 6% risk of failure)
Press: ? - help, Dir - move target, f/p - electric eel
Aim: an electric eel (moderately wounded, very poisoned) Poisonous vapours surround the electric eel!
The electric eel looks even sicker.
Casting: Poisonous Vapours (safe; 6% risk of failure)
Confirm with . or Enter, or press ? or * to list all spells.
Aiming: Poisonous Vapours (safe; 6% risk of failure)
Press: ? - help, Dir - move target, f/p - electric eel
Aim: an electric eel (water, moderately wounded, very poisoned) Poisonous vapours surround the electric eel!
The electric eel looks as sick as possible!
A nearby plant withers and dies.
The electric eel shoots out a bolt of lightning at you!
The bolt of electricity misses you.
Casting: Poisonous Vapours (safe; 6% risk of failure)
Confirm with . or Enter, or press ? or * to list all spells.
Aiming: Poisonous Vapours (safe; 6% risk of failure)
Press: ? - help, Dir - move target, f/p - electric eel
Aim: an electric eel (water, moderately wounded, extremely poisoned) Poisonous vapours surround the electric eel!
The electric eel looks as sick as possible!
The electric eel shoots out a bolt of lightning at you!
The bolt of electricity hits you.
Casting: Poisonous Vapours (safe; 6% risk of failure)
Confirm with . or Enter, or press ? or * to list all spells.
Aiming: Poisonous Vapours (safe; 6% risk of failure)
Press: ? - help, Dir - move target, f/p - electric eel
Aim: an electric eel (water, severely wounded, extremely poisoned) Poisonous vapours surround the electric eel!
The electric eel looks as sick as possible!
Casting: Poisonous Vapours (safe; 6% risk of failure)
Confirm with . or Enter, or press ? or * to list all spells.
Aiming: Poisonous Vapours (safe; 6% risk of failure)
Press: ? - help, Dir - move target, f/p - electric eel
Aim: an electric eel (water, severely wounded, extremely poisoned) Poisonous vapours surround the electric eel!
The electric eel looks as sick as possible!
The electric eel shoots out a bolt of lightning at you!
The bolt of electricity hits the plant!
The plant begins to die.
The bolt of electricity hits you!
Casting: Poisonous Vapours (safe; 6% risk of failure)
Confirm with . or Enter, or press ? or * to list all spells.
You don't have enough magic to cast this spell.
Unknown command.
The Council accepts your kill.
You hear a splash.
You feel a bit more experienced.
Your magical contamination has completely faded away.
You start resting.
A vampire is nearby!
Unknown command.
Unknown command.
You lunge at the vampire.
You scratch the vampire. You bite the vampire!!
The vampire is severely damaged.
The vampire draws life force from you!
The vampire is healed by the life force!
You scratch the vampire.
The vampire is heavily damaged.
You scratch the vampire but do no damage.
You claw the vampire! Your bite misses the vampire.
The vampire is severely damaged.
The vampire hits you but does no damage.
The vampire misses you.
You completely miss the vampire. You bite the vampire.
The vampire is severely damaged.
The vampire draws life force from you!
The vampire is healed by the life force!
Attack: -) Teeth and claws
Press: ? - help, Dir - move target, f - vampire
Aim: a vampire (heavily damaged, about 28% to evade your paws)
You scratch the vampire but do no damage.
You bite the vampire, but do no damage. Your bite misses the vampire.
The vampire is heavily damaged.
The vampire misses you. The vampire bites you!
* * * LOW HITPOINT WARNING * * *
The vampire draws strength from your injuries!
The vampire gestures wildly while chanting.
The vampire flickers and vanishes for a moment.
There is a stone staircase leading up here.
You climb upwards.
There is a stone staircase leading down here.
You start resting.
Magic restored.
You start resting.
HP restored.
You climb downwards.
The vampire hits you but does no damage.
The vampire completely misses you.
There is a stone staircase leading up here.
You scratch the vampire but do no damage.
You bite the vampire.
The vampire is lightly damaged.
The vampire completely misses you. The vampire misses you.
You completely miss the vampire. Your claw misses the vampire.
You bite the vampire. Your bite misses the vampire.
The vampire is lightly damaged.
The vampire casts a spell.
The vampire flickers and vanishes for a moment.
You scratch the vampire but do no damage.
The vampire is lightly damaged.
The vampire misses you. The vampire closely misses you.
The vampire closely misses you. The vampire completely misses you.
You climb upwards.
There is a stone staircase leading down here.
You scratch the vampire. Your bite misses the vampire.
The vampire is moderately damaged.
The vampire closely misses you. The vampire completely misses you.
You closely miss the vampire. You bite the vampire!
The vampire is severely damaged.
The vampire draws life force from you!
The vampire is healed by the life force!
You claw the vampire! You bite the vampire.
You destroy the vampire!
The Council accepts your kill.
You start resting.
HP restored.
You climb downwards.
There is a stone staircase leading up here.
You see here a +0 troll leather armour.
You see here a +0 troll leather armour.
You see here a +0 troll leather armour.
An orc wizard comes into view. It is wielding a +0 dagger.
An orc wizard is nearby!
An orc wizard is nearby!
An orc wizard is nearby!
An orc wizard is nearby!
The orc wizard shouts!
You hear a shout! x2
An orc comes into view. It is wielding a +0 short sword.
An orc wizard comes into view. It is wielding a +0 dagger.
You lunge at the orc wizard.
You claw the orc wizard!
The orc wizard is severely wounded.
You spin and attack the orc wizard.
You scratch the orc wizard. Your claw misses the orc wizard.
Your bite misses the orc wizard.
The orc wizard is almost dead.
You spin to attack the orc, but your attack speed is too slow for a blow to land.
You spin and attack the orc wizard.
You miss the orc wizard. Your bite misses the orc wizard.
You spin and attack the orc.
You barely miss the orc. You bite the orc!
You kill the orc!
The Council accepts your kill. The orc wizard completely misses you.
The orc wizard gestures at you while chanting.
The magic dart hits you.
You spin and attack the orc wizard.
You scratch the orc wizard. Your bite misses the orc wizard.
The orc wizard is heavily wounded.
The orc wizard completely misses you. The orc wizard misses you.
You spin to attack the orc wizard, but your attack speed is too slow for a blow to land.
You spin and attack the orc wizard.
You claw the orc wizard!
The orc wizard is almost dead.
The orc wizard completely misses you. x2
Things that are here:
a +0 short sword; an orc corpse You spin and attack the orc wizard.
You scratch the orc wizard. Your bite misses the orc wizard.
The orc wizard is almost dead.
You spin and attack the orc wizard.
You closely miss the orc wizard. Your claw misses the orc wizard.
The orc wizard is almost dead.
The orc wizard completely misses you.
The orc wizard gestures at you while chanting.
The puff of flame misses you.
You spin and attack the orc wizard.
You barely miss the orc wizard.
The orc wizard is almost dead.
You spin and attack the orc wizard.
You miss the orc wizard.
The orc wizard is almost dead.
Things that are here:
a +0 short sword; an orc corpse You scratch the orc wizard.
You devour a chunk of the orc wizard!
You feel better.
You kill the orc wizard!
The Council accepts your kill.
The orc wizard casts a spell.
The orc wizard flickers and vanishes for a moment.
You scratch the orc wizard but do no damage.
You bite the orc wizard.
You devour a chunk of the orc wizard!
You feel better.
You kill the orc wizard!
The Council accepts your kill.
Things that are here:
a +0 dagger; a +0 robe You now have 550 gold pieces (gained 8).
An electric eel comes into view.
The electric eel moves out of view.
A water elemental comes into view.
You are a level 11 Felid Shapeshifter.
You are 51% of the way to level 12.
You'll get an extra life in 1.49 levels' worth of XP.
Play time: 02:12:47 (16397 turns).
Zot will find you in 26440 turns if you stay in this branch and explore no new floors.
A water elemental is nearby!
A water elemental is nearby!
A water elemental is nearby!
A water elemental is nearby!
A water elemental is nearby!
A water elemental is nearby!
Casting: Poisonous Vapours (safe; 6% risk of failure)
Confirm with . or Enter, or press ? or * to list all spells.
Aiming: Magic Dart (safe; 4% risk of failure)
Press: ? - help, Shift-Dir - straight line, f - water elemental
Aim: a water elemental (water, wandering, hasn't noticed you, 100% to hit)
The magic dart hits the water elemental but does no damage.
Casting: Magic Dart (safe; 4% risk of failure)
Confirm with . or Enter, or press ? or * to list all spells.
Aiming: Magic Dart (safe; 4% risk of failure)
Press: ? - help, Shift-Dir - straight line, f/p - water elemental
Aim: a water elemental (100% to hit)
The magic dart hits the water elemental.
The water elemental is lightly damaged.
Casting: Magic Dart (safe; 4% risk of failure)
Confirm with . or Enter, or press ? or * to list all spells.
Aiming: Magic Dart (safe; 4% risk of failure)
Press: ? - help, Shift-Dir - straight line, f/p - water elemental
Aim: a water elemental (lightly damaged, 100% to hit)
The magic dart hits the water elemental.
The water elemental is lightly damaged.
Casting: Magic Dart (safe; 4% risk of failure)
Confirm with . or Enter, or press ? or * to list all spells.
Aiming: Magic Dart (safe; 4% risk of failure)
Press: ? - help, Shift-Dir - straight line, f/p - water elemental
Aim: a water elemental (lightly damaged, 100% to hit)
The magic dart hits the water elemental but does no damage.
The water elemental is lightly damaged.
Casting: Magic Dart (safe; 4% risk of failure)
Confirm with . or Enter, or press ? or * to list all spells.
Okay, then.
Casting: Magic Dart (safe; 4% risk of failure)
Confirm with . or Enter, or press ? or * to list all spells.
Aiming: Gell's Gravitas (safe; 1% risk of failure)
Press: ? - help, Dir - move target, f/p - water elemental
Aim: a water elemental (lightly damaged) Gravity reorients around the water elemental.
You scratch the water elemental.
The water elemental is lightly damaged.
You completely miss the water elemental.
The water elemental is lightly damaged.
The water elemental barely misses you.
You barely miss the water elemental.
The water elemental is lightly damaged.
The water elemental completely misses you.
You scratch the water elemental.
You claw the water elemental, but do no damage.
Your bite misses the water elemental. You bite the water elemental!
The water elemental is severely damaged.
The water elemental hits you!
The water elemental engulfs you in water!
You scratch the water elemental but do no damage.
You bite the water elemental.
You bite the water elemental, but do no damage.
The water elemental is severely damaged.
Your lungs strain for air!
The water elemental barely misses you.
You claw the water elemental! You claw the water elemental.
The water elemental is almost destroyed.
Your lungs strain for air!
The water elemental hits you.
You scratch the water elemental but do no damage.
The water elemental is almost destroyed.
Your lungs strain for air!
The water elemental hits you!
You slip free of the water engulfing you.
You gasp with relief as air once again reaches your lungs.
Casting: Gell's Gravitas (safe; 1% risk of failure)
Confirm with . or Enter, or press ? or * to list all spells.
Aiming: Magic Dart (safe; 4% risk of failure)
Press: ? - help, Shift-Dir - straight line, f/p - water elemental
Aim: a water elemental (almost destroyed, 100% to hit)
The magic dart hits the water elemental but does no damage.
The water elemental is almost destroyed.
Casting: Magic Dart (safe; 4% risk of failure)
Confirm with . or Enter, or press ? or * to list all spells.
Aiming: Magic Dart (safe; 4% risk of failure)
Press: ? - help, Shift-Dir - straight line, f/p - water elemental
Aim: a water elemental (almost destroyed, 100% to hit)
The magic dart hits the water elemental.
The water elemental is almost destroyed.
Casting: Magic Dart (safe; 4% risk of failure)
Confirm with . or Enter, or press ? or * to list all spells.
Aiming: Magic Dart (safe; 4% risk of failure)
Press: ? - help, Shift-Dir - straight line, f/p - water elemental
Aim: a water elemental (almost destroyed, 100% to hit)
The magic dart hits the water elemental.
You destroy the water elemental!
The Council accepts your kill.
You start resting.
Magic restored.
You start resting.
HP restored.
H - a sedimented amethyst potion An orc, an ogre and an orc warrior come into view.
There are monsters nearby!
There are monsters nearby!
Casting: Magic Dart (safe; 4% risk of failure)
Confirm with . or Enter, or press ? or * to list all spells.
Aiming: Poisonous Vapours (safe; 6% risk of failure)
Press: ? - help, Dir - move target, f - orc
Aim: an orc, wielding a +0 flail and wearing a +0 ring mail (asleep) Poisonous vapours surround the orc!
The orc is poisoned.
The orc shouts!
You hear a shout!
The ogre shouts!
You hear a shout! x5
An ogre comes into view. It is wielding a +0 giant club.
You hear a shout! x6
You hear a shout! x2
You claw the ogre!
The ogre is heavily wounded.
The ogre closely misses you.
You barely miss the ogre. You bite the ogre, but do no damage.
You bite the ogre.
The ogre is severely wounded.
You scratch the ogre.
The ogre is almost dead.
The orc warrior closely misses you. The ogre barely misses you.
You scratch the ogre but do no damage.
The ogre is almost dead.
The orc looks more healthy.
An orc priest comes into view. It is wielding a +0 flail.
The orc warrior barely misses you.
You claw the ogre!
You devour a chunk of the ogre!
You feel better.
You kill the ogre!
The Council accepts your kill. The orc warrior completely misses you.
You lunge at the orc warrior.
You closely miss the orc warrior. You bite the orc warrior!
The orc warrior is moderately wounded.
The orc warrior misses you.
You scratch the orc warrior but do no damage.
Your bite misses the orc warrior.
The orc warrior is moderately wounded.
You claw the orc warrior! You bite the orc warrior.
The orc warrior is severely wounded.
An orc warrior comes into view. It is wielding a +0 dire flail.
An orc comes into view. It is wielding a +0 flail.
The orc warrior hits you with a +0 halberd!
You scratch the orc warrior. You bite the orc warrior.
You devour a chunk of the orc warrior!
You feel better.
You kill the orc warrior!
The Council accepts your kill.
You claw the ogre!
The ogre is moderately wounded.
The ogre barely misses you.
An orc warrior comes into view. It is wielding a +0 war axe.
The orc warrior shouts!
You scratch the ogre.
The ogre is heavily wounded.
The orc priest invokes the aid of Beogh against you.
Beogh smites you!
You barely miss the ogre. Your bite misses the ogre.
The ogre is heavily wounded.
The ogre barely misses you.
An orc knight comes into view.
It is wielding a +2 war axe of distortion.
You scratch the ogre.
The ogre is severely wounded.
The ogre completely misses you.
You scratch the ogre but do no damage. You bite the ogre!
You kill the ogre!
The Council accepts your kill.
An orc warrior comes into view. It is wielding a +1 trident of venom.
Casting: Poisonous Vapours (safe; 6% risk of failure)
Confirm with . or Enter, or press ? or * to list all spells.
Aiming: Poisonous Vapours (safe; 6% risk of failure)
Press: ? - help, Dir - move target, f - orc knight, p - orc
Aim: an orc knight, wielding a +2 war axe of distortion and wearing a +0 plate armour Poisonous vapours surround the orc knight!
The orc knight is poisoned.
Casting: Poisonous Vapours (safe; 6% risk of failure)
Confirm with . or Enter, or press ? or * to list all spells.
Aiming: Poisonous Vapours (safe; 6% risk of failure)
Press: ? - help, Dir - move target, f/p - orc knight
Aim: an orc knight, wielding a +2 war axe of distortion and wearing a +0 plate armour (lightly wounded, poisoned) Poisonous vapours surround the orc knight!
The orc knight looks even sicker.
The orc completely misses you.
You spin to attack the orc knight, but your attack speed is too slow for a blow to land.
You spin to attack the orc, but your attack speed is too slow for a blow to land.
You scratch the orc but do no damage.
The orc knight roars a battlecry!
The orcs go into a battle-frenzy!
The orc hits you with a +0 flail!
You hear a shout! x2
Casting: Poisonous Vapours (safe; 6% risk of failure)
Confirm with . or Enter, or press ? or * to list all spells.
Aiming: Poisonous Vapours (safe; 6% risk of failure)
Press: ? - help, Dir - move target, f/p - orc knight
Aim: an orc knight, wielding a +2 war axe of distortion and wearing a +0 plate armour (lightly wounded, poisoned) Poisonous vapours surround the orc knight!
The orc knight looks even sicker.
The orc knight roars a battlecry!
Casting: Poisonous Vapours (safe; 6% risk of failure)
Confirm with . or Enter, or press ? or * to list all spells.
Aiming: Poisonous Vapours (safe; 6% risk of failure)
Press: ? - help, Dir - move target, f/p - orc knight
Aim: an orc knight, wielding a +2 war axe of distortion and wearing a +0 plate armour (lightly wounded, very poisoned) Poisonous vapours surround the orc knight!
The orc knight looks even sicker.
Casting: Poisonous Vapours (safe; 6% risk of failure)
Confirm with . or Enter, or press ? or * to list all spells.
Aiming: Poisonous Vapours (safe; 6% risk of failure)
Press: ? - help, Dir - move target, f/p - orc knight
Aim: an orc knight, wielding a +2 war axe of distortion and wearing a +0 plate armour (lightly wounded, very poisoned) Poisonous vapours surround the orc knight!
The orc knight looks even sicker.
The orc no longer looks unusually strong.
The orc knight roars a battlecry!
Casting: Poisonous Vapours (safe; 6% risk of failure)
Confirm with . or Enter, or press ? or * to list all spells.
Aiming: Poisonous Vapours (safe; 6% risk of failure)
Press: ? - help, Dir - move target, f/p - orc knight
Aim: an orc knight, wielding a +2 war axe of distortion and wearing a +0 plate armour (moderately wounded, very poisoned) Poisonous vapours surround the orc knight!
The orc knight looks even sicker.
Casting: Poisonous Vapours (safe; 6% risk of failure)
Confirm with . or Enter, or press ? or * to list all spells.
Aiming: Poisonous Vapours (safe; 6% risk of failure)
Press: ? - help, Dir - move target, f/p - orc knight
Aim: an orc knight, wielding a +2 war axe of distortion and wearing a +0 plate armour (moderately wounded, very poisoned) Poisonous vapours surround the orc knight!
The orc knight looks as sick as possible!
Casting: Poisonous Vapours (safe; 6% risk of failure)
Confirm with . or Enter, or press ? or * to list all spells.
Aiming: Poisonous Vapours (safe; 6% risk of failure)
Press: ? - help, Dir - move target, f/p - orc knight
Aim: an orc knight, wielding a +2 war axe of distortion and wearing a +0 plate armour (moderately wounded, extremely poisoned) Poisonous vapours surround the orc knight!
The orc knight looks as sick as possible!
You claw the orc knight! Your bite misses the orc knight.
The orc knight is heavily wounded.
The orc knight barely misses you.
You barely miss the orc knight.
You bite the orc knight, but do no damage.
The orc knight is heavily wounded.
The orc knight barely misses you.
You scratch the orc knight.
You bite the orc knight, but do no damage. x2
The orc knight is heavily wounded.
The orc warrior hits you from afar with a +1 trident of venom!
The orc knight hits you with a +2 war axe of distortion!
Space warps around you.
The orc no longer looks unusually strong.
The orc knight roars a battlecry!
The orc goes into a battle-frenzy!
You start resting.
An orc knight is nearby!
Casting: Poisonous Vapours (safe; 6% risk of failure)
Confirm with . or Enter, or press ? or * to list all spells.
Aiming: Poisonous Vapours (safe; 6% risk of failure)
Press: ? - help, Dir - move target, f/p - orc knight
Aim: an orc knight, wielding a +2 war axe of distortion and wearing a +0 plate armour (severely wounded)
Okay, then.
Press: ? - help, v - describe, . - travel, g - get item
Here: an orc knight, wielding a +2 war axe of distortion and wearing a +0 plate armour (severely wounded) Item here: +0 acid dragon scales.
The floor, spattered with blood.
Unknown command.
Casting: Poisonous Vapours (safe; 6% risk of failure)
Confirm with . or Enter, or press ? or * to list all spells.
Aiming: Poisonous Vapours (safe; 6% risk of failure)
Press: ? - help, Dir - move target, f/p - orc knight
Aim: an orc knight, wielding a +2 war axe of distortion and wearing a +0 plate armour (severely wounded) Poisonous vapours surround the orc knight!
The orc knight is poisoned.
Casting: Poisonous Vapours (safe; 6% risk of failure)
Confirm with . or Enter, or press ? or * to list all spells.
Aiming: Poisonous Vapours (safe; 6% risk of failure)
Press: ? - help, Dir - move target, f/p - orc knight
Aim: an orc knight, wielding a +2 war axe of distortion and wearing a +0 plate armour (severely wounded, poisoned) Poisonous vapours surround the orc knight!
The orc knight looks even sicker.
Casting: Poisonous Vapours (safe; 6% risk of failure)
Confirm with . or Enter, or press ? or * to list all spells.
Aiming: Poisonous Vapours (safe; 6% risk of failure)
Press: ? - help, Dir - move target, f/p - orc knight
Aim: an orc knight, wielding a +2 war axe of distortion and wearing a +0 plate armour (severely wounded, very poisoned) Poisonous vapours surround the orc knight!
The orc knight looks even sicker.
Casting: Poisonous Vapours (safe; 6% risk of failure)
Confirm with . or Enter, or press ? or * to list all spells.
You don't have enough magic to cast this spell.
Unknown command.
Casting: Poisonous Vapours (safe; 6% risk of failure)
Confirm with . or Enter, or press ? or * to list all spells.
Aiming: Poisonous Vapours (safe; 6% risk of failure)
Press: ? - help, Dir - move target, f/p - orc knight
Aim: an orc knight, wielding a +2 war axe of distortion and wearing a +0 plate armour (almost dead, very poisoned) Poisonous vapours surround the orc knight!
The orc knight looks even sicker.
There is a stone staircase leading up here.
You see here a +0 troll leather armour.
You kill the orc knight!
The Council accepts your kill.
Your Dodging skill increases to level 11!
Casting: Poisonous Vapours (safe; 6% risk of failure)
Confirm with . or Enter, or press ? or * to list all spells.
Okay, then.
You now have 558 gold pieces (gained 8).
Things that are here:
a +2 war axe of distortion; a +0 plate armour; a +0 troll leather armour You are a level 11 Felid Shapeshifter.
You are 62% of the way to level 12.
You'll get an extra life in 1.38 levels' worth of XP.
Play time: 02:16:43 (16734 turns).
Zot will find you in 26142 turns if you stay in this branch and explore no new floors.
You start resting.
HP restored.
You start resting.
Magic restored.
There is a stone staircase leading up here.
An unseen horror comes into view.
An unseen horror is nearby!
You lunge at the unseen horror.
You barely miss the unseen horror.
The unseen horror completely misses you.
The unseen horror closely misses you.
You claw the unseen horror!
The unseen horror is moderately wounded.
The unseen horror hits you but does no damage.
You claw the unseen horror! You bite the unseen horror.
The unseen horror is heavily wounded.
The unseen horror closely misses you.
You lunge at the unseen horror.
You claw the unseen horror!
The unseen horror is almost dead.
The unseen horror completely misses you.
You lunge at the unseen horror.
You claw the unseen horror!
You kill the unseen horror!
The Council accepts your kill.
An orc warrior is nearby!
The orc warrior shouts!
The orc warrior barely misses you.
You claw the orc warrior! You bite the orc warrior.
Your bite misses the orc warrior.
The orc warrior is moderately wounded.
You scratch the orc warrior.
You bite the orc warrior, but do no damage.
The orc warrior is heavily wounded.
The orc warrior completely misses you.
You scratch the orc warrior.
The orc warrior is severely wounded.
The orc warrior completely misses you.
You barely miss the orc warrior. You bite the orc warrior!
You kill the orc warrior!
The Council accepts your kill.
No target in view!
Things that are here:
a +0 dagger; a +0 robe A troll comes into view.
Casting: Poisonous Vapours (safe; 6% risk of failure)
Confirm with . or Enter, or press ? or * to list all spells.
Aiming: Poisonous Vapours (safe; 6% risk of failure)
Press: ? - help, Dir - move target, f - troll
Aim: a troll (asleep) Poisonous vapours surround the troll!
The troll is poisoned.
The troll shouts!
Casting: Poisonous Vapours (safe; 6% risk of failure)
Confirm with . or Enter, or press ? or * to list all spells.
Aiming: Poisonous Vapours (safe; 6% risk of failure)
Press: ? - help, Dir - move target, f/p - troll
Aim: a troll (poisoned) Poisonous vapours surround the troll!
The troll looks even sicker.
Casting: Poisonous Vapours (safe; 6% risk of failure)
Confirm with . or Enter, or press ? or * to list all spells.
Aiming: Poisonous Vapours (safe; 6% risk of failure)
Press: ? - help, Dir - move target, f/p - troll
Aim: a troll (very poisoned) Poisonous vapours surround the troll!
The troll looks even sicker.
Casting: Poisonous Vapours (safe; 6% risk of failure)
Confirm with . or Enter, or press ? or * to list all spells.
Aiming: Poisonous Vapours (safe; 6% risk of failure)
Press: ? - help, Dir - move target, f/p - troll
Aim: a troll (lightly wounded, very poisoned)
You miscast Poisonous Vapours.
You are very lightly contaminated with residual magic.
Nothing appears to happen.
Casting: Poisonous Vapours (safe; 6% risk of failure)
Confirm with . or Enter, or press ? or * to list all spells.
Aiming: Gell's Gravitas (safe; 1% risk of failure)
Press: ? - help, Dir - move target, p - troll Gravity reorients around empty space.
Casting: Gell's Gravitas (safe; 1% risk of failure)
Confirm with . or Enter, or press ? or * to list all spells.
Aiming: Gell's Gravitas (safe; 1% risk of failure)
Press: ? - help, Dir - move target, f - troll
Aim: a troll (lightly wounded, very poisoned) Gravity reorients around the troll.
You scratch the troll but do no damage. Your bite misses the troll.
The troll is lightly wounded.
The troll bites you but does no damage. The troll closely misses you.
The troll completely misses you.
You scratch the troll. You bite the troll!
The troll is heavily wounded.
You claw the troll! x2
The troll is almost dead.
You kill the troll!
The Council accepts your kill.
Your magical contamination has completely faded away.
You scratch the troll zombie. You bite the troll zombie.
The troll zombie is lightly damaged.
The troll zombie completely misses you. x2; The troll zombie misses you.
You claw the troll zombie!
The troll zombie is lightly damaged.
You claw the troll zombie!
The troll zombie is moderately damaged.
The troll zombie barely misses you.
The troll zombie claws you but does no damage.
The troll zombie completely misses you.
You claw the troll zombie!
The troll zombie is heavily damaged.
The troll zombie bites you but does no damage.
The troll zombie barely misses you. The troll zombie closely misses you.
You barely miss the troll zombie.
The troll zombie is heavily damaged.
You claw the troll zombie! You bite the troll zombie.
The troll zombie is severely damaged.
The troll zombie misses you.
The troll zombie completely misses you. x2
You scratch the troll zombie but do no damage.
You bite the troll zombie, but do no damage.
The troll zombie is severely damaged.
The troll zombie closely misses you. The troll zombie misses you.
The troll zombie completely misses you.
You claw the troll zombie! You bite the troll zombie.
You destroy the troll zombie!
The Council accepts your kill.
An orc comes into view. It is wielding a +0 hand axe.
The orc shouts!
An orc comes into view. It is wielding a +0 flail.
The orc barely misses you.
The orc shouts!
You claw the orc!
You kill the orc!
The Council accepts your kill.
You see here a +0 hand axe.
You lunge at the orc.
You claw the orc!
You devour a chunk of the orc!
You feel better.
You kill the orc!
The Council accepts your kill.
No target in view!
No target in view!
No target in view!
No target in view!
Attack: -) Teeth and claws
Press: ? - help, Dir - move target, f - you
Okay, then.
You see here a +0 hand axe.
A vampire comes into view.
The vampire casts a spell.
The vampire flickers and vanishes for a moment.
The vampire casts a spell at you. You resist with almost no effort.
You lunge at the vampire.
You barely miss the vampire. Your bite misses the vampire.
The vampire completely misses you. The vampire barely misses you.
You claw the vampire! Your bite misses the vampire.
The vampire is moderately damaged.
The vampire misses you. The vampire bites you.
The vampire draws strength from your injuries!
You scratch the vampire but do no damage.
You bite the vampire.
The vampire is heavily damaged.
You scratch the vampire but do no damage.
You bite the vampire!
The vampire is severely damaged.
The vampire barely misses you. The vampire misses you.
You barely miss the vampire. You bite the vampire, but do no damage.
You bite the vampire!
You destroy the vampire!
The Council accepts your kill.
HP restored.
There is an escape hatch in the ceiling here.
An orc is nearby!
The orc shouts!
The orc shouts!
You scratch the orc but do no damage. You scratch the orc.
Your bite misses the orc. You bite the orc.
You kill the orc!
The Council accepts your kill.
Things that are here:
a +0 flail; a +0 ring mail
There is a stone staircase leading down here.
You closely miss the orc. You bite the orc.
The orc is heavily wounded.
The orc hits you with a +0 flail.
You scratch the orc.
You kill the orc!
The Council accepts your kill.
No target in view!
You see here a +0 flail.
You see here a +0 broad axe.
You see here a +0 broad axe.
An orc warrior comes into view. It is wielding a +0 scimitar.
The orc warrior shouts!
You lunge at the orc warrior.
You claw the orc warrior! Your bite misses the orc warrior.
The orc warrior is moderately wounded.
The orc warrior completely misses you.
You claw the orc warrior!
The orc warrior is severely wounded.
The orc warrior misses you.
You scratch the orc warrior.
The orc warrior is severely wounded.
The orc warrior completely misses you.
You scratch the orc warrior but do no damage.
You bite the orc warrior, but do no damage.
You bite the orc warrior!
You kill the orc warrior!
The Council accepts your kill.
You now have 576 gold pieces (gained 18).
Things that are here:
a +0 scimitar; a +0 chain mail; an orc corpse You scratch the orc warrior but do no damage.
The orc warrior misses you.
You claw the orc warrior!
You bite the orc warrior, but do no damage.
The orc warrior is heavily wounded.
The orc warrior completely misses you.
You scratch the orc warrior.
The orc warrior is severely wounded.
The orc warrior completely misses you.
You scratch the orc warrior.
The orc warrior is almost dead.
The orc warrior completely misses you.
You claw the orc warrior!
You kill the orc warrior!
The Council accepts your kill.
Training target 13.0 for Shapeshifting reached!
Your Shapeshifting skill increases to level 13!
You see here a scroll labelled ECO WAAC CEF.
Casting: Gell's Gravitas (safe; 1% risk of failure)
Confirm with . or Enter, or press ? or * to list all spells.
Aiming: Poisonous Vapours (safe; 6% risk of failure)
Press: ? - help, Dir - move target, f - electric eel
Aim: an electric eel (water, wandering, hasn't noticed you) Poisonous vapours surround the electric eel!
The electric eel is poisoned.
The electric eel shoots out a bolt of lightning at you!
The bolt of electricity misses you.
Casting: Poisonous Vapours (safe; 6% risk of failure)
Confirm with . or Enter, or press ? or * to list all spells.
Aiming: Poisonous Vapours (safe; 6% risk of failure)
Press: ? - help, Dir - move target, f/p - electric eel
Aim: an electric eel (water, lightly wounded, poisoned) Poisonous vapours surround the electric eel!
The electric eel looks even sicker.
The electric eel shoots out a bolt of lightning at you!
The bolt of electricity hits you!
Casting: Poisonous Vapours (safe; 6% risk of failure)
Confirm with . or Enter, or press ? or * to list all spells.
Aiming: Poisonous Vapours (safe; 6% risk of failure)
Press: ? - help, Dir - move target, f/p - electric eel
Aim: an electric eel (water, moderately wounded, very poisoned) Poisonous vapours surround the electric eel!
The electric eel looks even sicker.
The electric eel shoots out a bolt of lightning at you!
The bolt of electricity misses you.
Casting: Poisonous Vapours (safe; 6% risk of failure)
Confirm with . or Enter, or press ? or * to list all spells.
Aiming: Poisonous Vapours (safe; 6% risk of failure)
Press: ? - help, Dir - move target, f/p - electric eel
Aim: an electric eel (water, heavily wounded, very poisoned) Poisonous vapours surround the electric eel!
The electric eel looks as sick as possible!
The electric eel shoots out a bolt of lightning at you!
The bolt of electricity misses you.
Casting: Poisonous Vapours (safe; 6% risk of failure)
Confirm with . or Enter, or press ? or * to list all spells.
Aiming: Poisonous Vapours (safe; 6% risk of failure)
Press: ? - help, Dir - move target, f/p - electric eel
Aim: an electric eel (water, severely wounded, extremely poisoned) Poisonous vapours surround the electric eel!
The electric eel looks as sick as possible!
Casting: Poisonous Vapours (safe; 6% risk of failure)
Confirm with . or Enter, or press ? or * to list all spells.
Aiming: Poisonous Vapours (safe; 6% risk of failure)
Press: ? - help, Dir - move target, f/p - electric eel
Aim: an electric eel (water, severely wounded, extremely poisoned) Poisonous vapours surround the electric eel!
The electric eel looks as sick as possible!
Casting: Poisonous Vapours (safe; 6% risk of failure)
Confirm with . or Enter, or press ? or * to list all spells.
Aiming: Poisonous Vapours (safe; 6% risk of failure)
Press: ? - help, Dir - move target, f/p - electric eel
Aim: an electric eel (water, almost dead, extremely poisoned) Poisonous vapours surround the electric eel!
The electric eel looks as sick as possible!
Casting: Poisonous Vapours (safe; 6% risk of failure)
Confirm with . or Enter, or press ? or * to list all spells.
Aiming: Poisonous Vapours (safe; 6% risk of failure)
Press: ? - help, Dir - move target, f/p - electric eel
Aim: an electric eel (water, almost dead, extremely poisoned) Poisonous vapours surround the electric eel!
The electric eel looks as sick as possible!
You kill the electric eel!
The Council accepts your kill.
You start resting.
HP restored.
You start resting.
An orc warrior comes into view. It is wielding a +0 halberd.
You lunge at the orc warrior, but your attack speed is too slow for a blow to land.
The orc warrior hits you with a +0 halberd.
You scratch the orc warrior but do no damage.
You bite the orc warrior, but do no damage.
You bite the orc warrior!
The orc warrior is heavily wounded.
You scratch the orc warrior.
The orc warrior is severely wounded.
The orc warrior hits you with a +0 halberd!
You claw the orc warrior!
You kill the orc warrior!
The Council accepts your kill.
You start resting.
HP restored.
You start resting.
Magic restored.
Things that are here:
a +0 halberd; a +0 chain mail
Things that are here:
a +0 halberd; a +0 chain mail
I - a scroll labelled ECO WAAC CEF You enter the shallow water.
Moving in this stuff is going to be slow.
You enter the shallow water.
Moving in this stuff is going to be slow.
You see here 3 stones.
You enter the shallow water.
Moving in this stuff is going to be slow.
You enter the shallow water.
Moving in this stuff is going to be slow.
h - a wand of paralysis (8) (gained 3 charges)
You open the door.
A boulder beetle and a deep elf pyromancer come into view.
The boulder beetle curls into a ball and begins rolling!
Casting: Poisonous Vapours (safe; 6% risk of failure)
Confirm with . or Enter, or press ? or * to list all spells.
Aiming: Poisonous Vapours (safe; 6% risk of failure)
Press: ? - help, Dir - move target, f - boulder beetle
Aim: a boulder beetle (rolling) Poisonous vapours surround the boulder beetle!
The boulder beetle is poisoned.
The boulder beetle hits you!!
Ouch! That really hurt!
The boulder beetle stops rolling and uncurls.
The boulder beetle leaps!
You enter the shallow water.
Moving in this stuff is going to be slow.
The boulder beetle curls into a ball and begins rolling!
You spin and attack the boulder beetle.
Your unstable footing causes you to fumble your attack.
The boulder beetle looks more healthy.
The boulder beetle hits you!!!
Ouch! That really hurt!
You die...

.....
#..○..............≈≈≈ #...
####...........~~~~≈≈ ###
##...###.....~~≈≈≈~ #
###...^......P~≈~≈~~.
##.##...........P~~~≈≈~..
..........~~..≈~~~≈≈≈≈~~..
..~.~.....~~~≈≈≈≈≈≈≈~≈~...
~~~P~~~~~P~~≈≈≈≈≈≈~~≈.....
≈≈≈≈≈≈≈≈~W~≈≈≈≈≈≈≈≈~.....#
≈≈≈≈≈~~~~B≈≈≈~~~≈~~.~....#
~≈≈~~~~~.~°°~(~...~...#.##
.$~~.......~~~..........#
.....###.........#####.#
##... #..####...# #.# #.
#.## #..# #..)## #.# #.#
#.# #..# #....## .# #.#
#.# #..# ####)..####


You could see a boulder beetle (rolling).

Vanquished Creatures
  2 two-headed ogres
  An orc knight (D:12)
  4 wolf spider zombies (D:9)
  A cyclops (D:11)
  3 centaur zombies (D:9)
  6 elephants
  An unseen horror (D:12)
  3 komodo dragons
  4 trolls
  Grinder (D:3)
  2 hellwings (D:9)
  5 blink frogs (D:10)
  A harpy skeleton (D:9)
  Sigmund (D:3)
  14 yaks
  3 shadows
  2 vampires
  A water elemental (D:12)
  A wraith (D:12)
  2 humans (D:11)
  2 wyverns
  A steam dragon (D:9)
  Edmund (D:4)
  7 vampire mosquitoes
  Menkaure (D:7)
  3 two-headed ogre zombies (D:12)
  2 water moccasins
  Duvessa (D:6)
  2 acid dragons
  3 black bears
  6 orc warriors
  4 ogres
  A wolf (D:10)
  4 centaurs
  A phantom (D:12)
  4 kobold brigands
  5 bullfrogs
  A scorpion (D:6)
  8 wights
  Dowan (D:6)
  2 troll zombies (D:12)
  4 howler monkeys
  6 electric eels
  8 hounds
  4 orc priests
  A jelly (D:5)
  4 iguanas
  A sleepcap (D:7)
  Natasha (thrice) (D:4)
  7 orc wizards
  3 ogre zombies (D:12)
  Robin (D:2)
  6 adders
  3 shadow imps (D:9)
  2 white imps
  4 worms
  3 dart slugs
  28 orcs
  8 ball pythons
  2 bats (D:1)
  9 endoplasms
  3 giant cockroaches
  15 goblins
  13 hobgoblins
  27 kobolds
  6 quokkas
  2 frilled lizards
  5 goblin zombies (D:12)
  3 hobgoblin skeletons (D:12)
  A hobgoblin zombie (D:12)
  An orc skeleton (D:12)
  15 orc zombies (D:12)
  3 rats
  A spectral orc (D:9)
320 creatures vanquished.

Notes
Turn   | Place    | Note
-------+----------+-------------------------------------------
     0 | D:1      | Buttons842 the Felid Shapeshifter began the quest for the
                  | Orb.
     0 | D:1      | Reached XP level 1. HP: 9/9 MP: 2/2
   168 | D:1      | Reached XP level 2. HP: 12/12 MP: 3/3
   184 | D:1      | Found a faded altar of an unknown god.
   203 | D:1      | Prayed at the altar of an unknown god.
   203 | D:1      | Became a worshipper of the Wu Jian Council
   203 | D:1      | Reached * piety under Wu Jian
   224 | D:1      | Reached skill level 1 in Stealth
   745 | D:2      | Reached XP level 3. HP: 13/15 MP: 4/4
   777 | D:2      | Noticed Robin
   808 | D:2      | Reached ** piety under Wu Jian
   824 | D:2      | Killed Robin
   995 | D:2      | Reached XP level 4. HP: 16/19 MP: 5/5
  1311 | D:2      | Found Yxuariut's Armour Emporium.
  1659 | D:3      | Noticed Sigmund
  1790 | D:3      | Reached skill level 6 in Shapeshifting
  1790 | D:3      | Reached XP level 5. HP: 27/27 MP: 6/6
  1895 | D:3      | Learned a level 2 spell: Poisonous Vapours
  1920 | D:3      | Noticed Grinder
  1932 | D:3      | Killed Grinder
  1933 | D:3      | Gained mutation: You are covered in thick fur. (AC +2)
                  | [Felid growth]
  1933 | D:3      | Reached XP level 6. HP: 31/31 MP: 6/8
  2138 | D:4      | Reached *** piety under Wu Jian
  2249 | D:4      | Noticed Edmund
  2592 | D:4      | Noticed Natasha
  2599 | D:4      | Killed Natasha
  2600 | D:4      | Reached skill level 1 in Spellcasting
  2600 | D:4      | Reached skill level 1 in Air Magic
  2612 | D:4      | Identified the +2 hand axe "Killer Bee's Peril" {venom,
                  | Fragile rN+++ Dex-5}
  2628 | D:4      | Learned a level 1 spell: Magic Dart
  3089 | D:4      | Noticed Natasha
  3096 | D:4      | Killed Natasha
  3097 | D:4      | Reached skill level 1 in Poison Magic
  3097 | D:4      | Reached XP level 7. HP: 34/34 MP: 6/9
  3282 | D:5      | Entered Level 5 of the Dungeon
  3341 | D:5      | Found a sacrificial altar of Ru.
  3364 | D:5      | Reached skill level 1 in Conjurations
  3987 | D:5      | Found a sacrificial altar of Ru.
  4347 | D:5      | Clear
  4377 | D:6      | Identified the +1 scale mail "Imuihicua" {rPois rC++
                  | Will++}
  4405 | D:6      | Reached XP level 8. HP: 38/38 MP: 6/10
  4534 | D:6      | Reached **** piety under Wu Jian
  4577 | D:6      | Found a broken altar of Ashenzari.
  4960 | D:6      | Reached skill level 7 in Shapeshifting
  5056 | D:6      | Noticed Duvessa
  5056 | D:6      | Noticed Dowan
  5194 | D:7      | You fall into a shaft and drop 3 floors!
  5194 | D:10     | Entered Level 10 of the Dungeon
  5214 | D:10     | Identified the amulet "Rabyrch" {Spirit Int+6}
  5407 | D:10     | Reached XP level 9. HP: 41/41 MP: 13/13
  5479 | D:10     | Noticed a troll
  5790 | D:9      | Noticed a hellwing
  5891 | D:9      | Found a basalt altar of Yredelemnul.
  5958 | D:9      | HP: 1/61 [shadow imp (3)]
  5959 | D:9      | Mangled by a wolf spider zombie
  5960 | D:9      | Reached XP level 8. HP: -9/57 MP: 0/12
  5982 | D:9      | Reached skill level 8 in Shapeshifting
  6147 | D:9      | Shot with an arrow by a centaur
  6148 | D:9      | Reached XP level 7. HP: -8/34 MP: 0/11
  6192 | D:8      | Reached XP level 8. HP: 36/38 MP: 12/12
  6219 | D:8      | Found a shadowy altar of Dithmenos.
  6319 | D:7      | Noticed an air elemental
  6373 | D:7      | Noticed Menkaure
  6520 | D:7      | Killed Menkaure
  6992 | D:7      | Noticed Jeremiah
  7003 | D:7      | Reached skill level 9 in Shapeshifting
  7021 | D:7      | Found a stormy altar of Qazlal.
  7038 | D:7      | Found a staircase to the Ecumenical Temple.
  7176 | D:7      | Found a sparkling altar of Nemelex Xobeh.
  7291 | Temple   | Entered the Ecumenical Temple
  7458 | D:4      | Killed Edmund
  7705 | D:4      | Noticed Natasha
  7712 | D:4      | Killed Natasha
  7902 | D:3      | Killed Sigmund
  7903 | D:3      | Reached XP level 9. HP: 38/41 MP: 10/13
  7988 | D:3      | Found a burning altar of Makhleb.
  7990 | D:3      | Noticed a green death
  8107 | D:6      | Killed Duvessa
  8113 | D:6      | Killed Dowan
  8573 | D:8      | Found a white marble altar of Elyvilon.
  8698 | D:8      | Noticed a two-headed ogre
  9097 | D:8      | Killed a two-headed ogre
  9098 | D:8      | Reached skill level 10 in Dodging
  9362 | D:8      | Learned a level 2 spell: Lesser Beckoning
  9381 | D:8      | Reached XP level 10. HP: 45/45 MP: 14/14
  9385 | D:8      | Reached skill level 1 in Translocations
  9867 | D:9      | Reached skill level 10 in Shapeshifting
  9871 | D:9      | Learned a level 3 spell: Gell's Gravitas
  9875 | D:9      | Learned a level 3 spell: Teleport Other
 10119 | D:9      | Reached skill level 5 in Translocations
 10261 | D:9      | Found a faded altar of an unknown god.
 10261 | D:9      | Found a hazy altar of Hepliaklqana.
 10288 | D:9      | Found a faded altar of an unknown god.
 10768 | D:9      | Noticed a two-headed ogre
 10792 | D:9      | Killed a two-headed ogre
 10793 | D:9      | Reached XP level 11. HP: 48/48 MP: 2/18
 11210 | D:9      | Reached skill level 11 in Shapeshifting
 11777 | D:10     | Found a glowing golden altar of the Shining One.
 12032 | D:10     | Found a staircase to the Lair.
 13099 | Lair:1   | Entered Level 1 of the Lair of Beasts
 13271 | D:10     | Slain by a komodo dragon
 13272 | D:10     | Reached XP level 10. HP: -1/45 MP: 0/17
 13354 | D:10     | Killed an elephant
 13534 | Lair:1   | Noticed an elephant
 13556 | D:10     | Killed an elephant
 13691 | D:10     | Killed an elephant
 13776 | D:10     | Reached skill level 5 in Spellcasting
 13851 | D:10     | Killed an elephant
 13966 | Lair:1   | Noticed an elephant
 13975 | Lair:1   | Killed an elephant
 13979 | Lair:1   | Killed an elephant
 13980 | Lair:1   | Reached XP level 11. HP: 38/48 MP: 14/19
 14033 | Lair:1   | Noticed a death yak
 14037 | Lair:1   | Noticed a death yak
 14042 | Lair:1   | Noticed a death yak
 14044 | Lair:1   | Noticed a death yak
 14220 | D:11     | Found an iron altar of Okawaru.
 14289 | D:11     | Reached skill level 12 in Shapeshifting
 15670 | D:11     | Found an iron altar of Okawaru.
 15874 | D:12     | Found a staircase to the Orcish Mines.
 15887 | D:12     | Reached ***** piety under Wu Jian
 16614 | D:12     | Noticed an orc knight
 16725 | D:12     | Killed an orc knight
 17196 | D:12     | Reached skill level 13 in Shapeshifting
 17413 | D:12     | Found Gopiniep's Antique Weapon Emporium.
 17413 | D:12     | Noticed a boulder beetle
 17413 | D:12     | Noticed a deep elf pyromancer
 17425 | D:12     | Mangled by a boulder beetle

Illustrated notes

### #.# ###.## ###..h.#
#.....## ###.....# ######
##..#....# ##....##
#.....#### #......###
#......#######.......#
#.......##..###.##...###
##........#...#...###...#
#................##
#...##


Turn 4347 on D:5: Clear

Levels and vault maps discovered:
D:1:      wander_arrival_desolate, layout_basic,
          shapermc_ecumenical_altar_ellora
D:2:      layout_loops_ring, serial_shops, nicolae_shop_tiny_waterfront,
          uniq_robin
D:3:      layout_rooms, makhleb_altar_promises_db, uniq_sigmund, uniq_grinder
D:4:      layout_basic, uniq_edmund, uniq_natasha
D:5:      layout_cave_pools, nicolae_ru_awakened_eye
D:6:      layout_basic, nicolae_ashenzari_skybound, uniq_duvessa
D:7:      layout_basic, mainiacjoe_overflow_tiny_flanked,
          nicolae_qazlal_style_of_elements, minmay_temple_entry_arrows,
          uniq_menkaure, uniq_jeremiah
D:8:      layout_basic, mainiacjoe_overflow_chevrons,
          grunt_dithmenos_smoke_and_mirrors, enter_bailey_3,
          kennysheep_generic_room_11
D:9:      cheibrodos_grave_circle, layout_gridville,
          yredelemnul_forgotten_temple_becter,
          nicolae_hepliaklqana_ecumenical_no_more, minmay_starry_boxes
D:10:     layout_basic, mainiacjoe_overflow_24_doors, erik_lair_island
D:11:     layout_loops_cross, okawaru_humans
D:12:     layout_long_grid, zombieorc2_lemuel, special_room [special_room_orc],
          chequers_big_river, kennysheep_small_circle
Temple:   hellmonk_temple_two_chambers
Lair:1:   layout_layer_cave, gauntlet_entry_generic, nicolae_lair_grazing_beasts
          [nicolae_sub_lair_graze_edge, nicolae_sub_lair_graze_edge,
          nicolae_sub_lair_graze_edge, nicolae_sub_lair_graze_edge]

Skill      XL: |  1  2  3  4  5  6  7  8  9 10 11 |
---------------+----------------------------------+-----
Dodging        | 3 8 9 10 11 | 11.5
Stealth        | 1 2 4 |  4.0
Fighting       | 6 |  6.0
Unarmed Combat | 6 7 8 |  8.0
Shapeshifting  | 6 9 10 13 | 13.0
Spellcasting   | 1 2 5 |  5.0
Air Magic      | 1 2 3 |  3.0
Poison Magic   | 1 2 3 |  3.5
Conjurations   | 1 2 3 |  3.0
Translocations | 6 8 |  8.0

Action                     |  1- 3 |  4- 6 |  7- 9 | 10-12 || total
---------------------------+-------+-------+-------+-------++-------
  Melee: Unarmed           |    86 |    83 |   387 |   502 ||  1058
         Bite              |     4 |    14 |    42 |    94 ||   154
         Punch             |     2 |     3 |     8 |    15 ||    28
         Maw               |       |       |       |    65 ||    65
   Cast: Magic Dart        |       |    12 |    23 |    20 ||    55
         Poisonous Vapours |       |       |    22 |   129 ||   151
         Gell's Gravitas   |       |       |       |     4 ||     4
Ability: Lunge             |     4 |    25 |    38 |    34 ||   101
         Whirlwind         |       |     1 |    19 |    50 ||    70
         Wall Jump         |       |       |     3 |       ||     3
         Begin Untransform |       |       |     1 |       ||     1
  Evoke: Wand              |       |       |       |     3 ||     3
    Use: Scroll            |       |     4 |     7 |     2 ||    13
         Potion            |       |     1 |     4 |       ||     5
   Stab: Sleeping          |     4 |    10 |     8 |     1 ||    23
         Paralysed         |       |       |       |     9 ||     9
 Armour: Skin              |     6 |     1 |    38 |    23 ||    68
  Dodge: Dodged            |    48 |    31 |   287 |   458 ||   824
   Form: Flux              |       |       |     2 |     1 ||     3
         Blade             |       |       |     1 |     2 ||     3
         Maw               |       |       |       |     2 ||     2

Table legend: (Time is in decaauts)
 A = Elapsed time spent in this place.
 B = Non-inter-level travel time spent in this place.
 C = Inter-level travel time spent in this place.
 D = Time resting spent in this place.
 E = Time spent auto-exploring this place.
 F = Levels seen in this place.
 G = Mean time per level.
                   A        B        C        D        E       F      G
               +--------+--------+--------+--------+--------+-----+--------+
         Total |  15141 |  14774 |    367 |   4019 |   5597 |  14 | 1081.5 |
       Dungeon |  15048 |  14681 |    367 |   3981 |   5597 |  12 | 1254.0 |
        Temple |      1 |      1 |      0 |      0 |      0 |   1 |    1.0 |
          Lair |     91 |     91 |      0 |     38 |      0 |   1 |   91.0 |
               +--------+--------+--------+--------+--------+-----+--------+

Top non-repeatable levels by time:
    D:10: 3024 daAuts
     D:9: 1636 daAuts
    D:11: 1532 daAuts
    D:12: 1314 daAuts
     D:8: 1286 daAuts
     D:4: 1230 daAuts
     D:6: 1017 daAuts
     D:7: 995 daAuts
     D:5: 929 daAuts
     D:2: 758 daAuts
     D:3: 717 daAuts
     D:1: 604 daAuts
  Lair:1: 91 daAuts
  Temple: 1 daAuts
